 Dungeon Crawl Stone Soup version 0.22.1-2-g9c5b331383 (webtiles) character file.

189 Jerry the Shield-Bearer (level 6, -1/42 HPs)
             Began as a Halfling Fighter on Nov 27, 2018.
             Slain by a gnoll
             ... wielding a +0 club
              (5 damage)
             ... on level 3 of the Dungeon.
             The game lasted 00:05:38 (2895 turns).

Jerry the Shield-Bearer (Halfling Fighter)          Turns: 2895, Time: 00:05:39

Health: -1/42      AC:  6    Str: 24    XL:     6   Next: 0%
Magic:  6/6        EV: 11    Int:  6    God:
Gold:   143        SH: 10    Dex: 14    Spells: 5/5 levels left

rFire    . . .     SeeInvis .   a - +0 long sword
rCold    . . .     Gourm    +   c - +0 shield
rNeg     + . .     Faith    .   r - +1 ring mail {rN+}
rPois    .         Spirit   .   (no helmet)
rElec    .         Reflect  .   (no cloak)
rCorr    .         Harm     .   (no gloves)
MR       .....                  (no boots)
Stlth    +.........             i - amulet of the gourmand
HPRegen  0.14/turn              (no ring)
MPRegen  0.10/turn              (no ring)

@: mighty
A: small, mutation resistance 1
a: no special abilities


You were on level 3 of the Dungeon.
You were very full.

You visited 1 branch of the dungeon, and saw 3 of its levels.

You collected 143 gold pieces.

Inventory:

Hand Weapons
 a - a +0 long sword (weapon)
Armour
 c - a +0 shield (worn)
 r - a +1 ring mail of positive energy (worn)
Jewellery
 i - an amulet of the gourmand (around neck)
Wands
 g - a wand of random effects (35)
Scrolls
 k - 2 scrolls of identify
 m - a scroll of enchant armour {unknown}
 o - a scroll of teleportation {unknown}
 p - a scroll of fog {unknown}
Potions
 e - a potion of degeneration {unknown}
 h - 2 potions of curing {unknown}
 j - a potion of invisibility {unknown}
 l - a potion of heal wounds {unknown}
 n - a potion of flight {unknown}
Comestibles
 f - 2 rations
 q - 12 chunks of flesh


   Skills:
 + Level 3.3 Fighting
 * Level 3.6 Long Blades
 + Level 4.1 Armour
 + Level 1.9 Dodging
 + Level 4.1 Shields


You had 5 spell levels left.
You didn't know any spells.
Your spell library contained the following spells:

 Spells                   Type           Power        Failure   Level  Hunger
 Corona                   Hex            #......      98%         1    ##.....
 Ensorcelled Hibernation  Hex/Ice        #.....       99%         2    ###....
 Confuse                  Hex            #.......     100%        3    ####...
 Dazzling Spray           Conj/Hex       #.....       100%        3    ####...
 Tukima's Dance           Hex            #.......     100%        3    ####...


Dungeon Overview and Level Annotations

Branches:
Dungeon (3/15)

Altars:
Ashenzari
Fedhas
Nemelex Xobeh
Qazlal
Sif Muna
The Shining One


Innate Abilities, Weirdness & Mutations

You are small and have problems with some larger weapons.
You are somewhat resistant to further mutation.


Message History

You hit the gnoll.
The gnoll is moderately wounded.
You block the gnoll's attack. The gnoll hits you.
* * * LOW HITPOINT WARNING * * *
You slash the gnoll!
You kill the gnoll!
You have reached level 6!
Your experience leads to an increase in your attributes!
Your base attributes are Str 18, Int 6, Dex 14.
Increase (S)trength, (I)ntelligence, or (D)exterity?
You feel stronger.
You slash the hobgoblin!
You kill the hobgoblin!
You slash the gnoll!
The gnoll is severely wounded.
The gnoll hits you but does no damage.
Your shield prevents you from hitting the gnoll.
The gnoll is severely wounded.
The gnoll hits you with a club.
You die...

#####)#...#
########.#
#...#
#.#.###+## #†#
##..#
#####.).......
####.# #..#
#.....#.##....
#....# ##>#
#.###.#.# .
#...)# #.# #.#
#.#.# ##....#
#.# #.# #.#.#
#.....# #.#
#.# #.#.#
#g##### #.#
#.# #.#.# #@#
#.# #.###.#.#
#.# ######(#
......#.# #.#
#....†.####
###.###.# #)#
####..........
# #..)..# #.#
#.........####
######### #.#
#.........#
....# #.#
#..÷#######
....# #.#
#...# ....#
#.#
#...########


You could see a gnoll.

Vanquished Creatures
  An orc priest (D:3)
  5 gnolls (D:3)
  2 adders (D:2)
  2 dart slugs (D:1)
  3 leopard geckos
  6 orcs (D:3)
  10 bats
  8 giant cockroaches
  8 goblins
  11 hobgoblins
  2 quokkas (D:2)
  A ball python (D:3)
  2 frilled lizards
  8 kobolds
  9 rats
78 creatures vanquished.

Notes
Turn   | Place    | Note
-------+----------+-------------------------------------------
     0 | D:1      | Jerry the Halfling Fighter began the quest for the Orb.
     0 | D:1      | Reached XP level 1. HP: 15/15 MP: 1/1
   182 | D:1      | Reached XP level 2. HP: 20/20 MP: 2/2
   368 | D:1      | Reached XP level 3. HP: 16/25 MP: 3/3
   831 | D:1      | Reached skill level 1 in Dodging
  1512 | D:2      | Found a blossoming altar of Fedhas.
  1543 | D:2      | Found a faded altar of an unknown god.
  1546 | D:2      | Reached XP level 4. HP: 30/30 MP: 4/4
  2048 | D:2      | Found a stormy altar of Qazlal.
  2580 | D:3      | Found a shattered altar of Ashenzari.
  2709 | D:3      | Found a sparkling altar of Nemelex Xobeh.
  2713 | D:3      | Found a deep blue altar of Sif Muna.
  2719 | D:3      | Reached XP level 5. HP: 36/36 MP: 5/5
  2734 | D:3      | Found a glowing golden altar of the Shining One.
  2890 | D:3      | Reached XP level 6. HP: 3/42 MP: 6/6
  2895 | D:3      | Slain by a gnoll

Skill      XL: |  1  2  3  4  5 |
---------------+----------------+-----
Dodging        | 1 |  1.9
Fighting       | 3 |  3.3
Long Blades    | 3 |  3.6
Shields        | 4 |  4.1
Armour         | 4 |  4.1

Action                   |  1- 3 |  4- 6 || total
-------------------------+-------+-------++-------
Melee: Long sword        |   122 |   151 ||   273
  Use: Scroll            |     2 |       ||     2
       Potion            |       |     1 ||     1
  Eat: Chunk             |     2 |    13 ||    15
Armor: Scale mail        |    45 |    62 ||   107
       Ring mail         |       |    11 ||    11
Dodge: Dodged            |    54 |    83 ||   137
Block: Shield            |    90 |    90 ||   180
       Rpst.: Long sword |    16 |    27 ||    43
